 Dungeon Crawl Stone Soup version 0.24.0-13-gcf9b3192b9 (webtiles) character file.

Game seed: 4941147954942465372, levelgen mode: deterministic

76 Arum the Stinger (level 4, -3/30 HPs)
             Began as a Formicid Venom Mage on Nov 10, 2019.
             Slain by a gnoll
             ... wielding a cursed -2 spear
              (10 damage)
             ... on level 3 of the Dungeon.
             The game lasted 00:05:04 (2485 turns).

Arum the Stinger (Formicid Venom Mage)              Turns: 2485, Time: 00:05:04

Health: -3/30      AC:  3    Str: 13    XL:     4   Next: 57%
Magic:  0/8        EV: 12    Int: 15    God:
Gold:   91         SH:  0    Dex: 11    Spells: 3/9 levels left

rFire    . . .     SeeInvis +   f - +2 dagger (freeze)
rCold    . . .     Gourm    .   (no shield)
rNeg     . . .     Faith    .   a - +0 robe
rPois    .         Spirit   .   (helmet unavailable)
rElec    .         Reflect  .   (no cloak)
rCorr    .         Harm     .   h - +0 pair of gloves
MR       .....                  (no boots)
Stlth    ++........             (no amulet)
HPRegen  0.10/turn              (no ring)
MPRegen  0.11/turn              (no ring)

@: no status effects
A: permanent stasis, dig shafts and tunnels, four strong arms, antennae 3
a: Dig, Shaft Self


You were on level 3 of the Dungeon.
You were not hungry.

You visited 1 branch of the dungeon, and saw 3 of its levels.

You collected 91 gold pieces.

Inventory:

Hand Weapons
 f - a +2 dagger of freezing (weapon)
Armour
 a - a +0 robe (worn)
 h - a +0 pair of gloves (worn)
Jewellery
 l - an uncursed amulet of guardian spirit {unknown}
 m - a cursed -4 ring of dexterity {unknown}
Scrolls
 d - 3 scrolls of identify {unknown}
 g - 2 scrolls of teleportation {unknown}
 k - 3 scrolls of remove curse {unknown}
Potions
 b - a potion of ambrosia {unknown}
 e - 4 potions of curing {unknown}
 j - 2 potions of lignification {unknown}
 n - 2 potions of brilliance {unknown}
Comestibles
 c - 6 rations
 i - 4 chunks of flesh


   Skills:
 - Level 1.7 Dodging
 - Level 2.4 Stealth
 + Level 3.1 Spellcasting
 + Level 2.1 Conjurations
 + Level 5.0 Poison Magic


You had 3 spell levels left.
You knew the following spells:

 Your Spells              Type           Power        Failure   Level  Hunger
a - Sting                 Conj/Pois      ##..         4%          1    #......
b - Poisonous Vapours     Pois/Air       #.....       11%         2    ##.....
c - Mephitic Cloud        Conj/Pois/Air  #.......     22%         3    ###....

Your spell library contained the following spells:

 Spells                   Type           Power        Failure   Level  Hunger
 Olgreb's Toxic Radiance  Pois           ###.....     24%         4    #####..
 Venom Bolt               Conj/Pois      ##........   77%         5    ######.


Dungeon Overview and Level Annotations

Branches:
Dungeon (3/15)

Altars:
Trog


Innate Abilities, Weirdness & Mutations

You cannot be hasted, slowed, berserked, paralysed or teleported.
You can dig through walls and to a lower floor.
Your four strong arms can wield two-handed weapons with a shield.
You have a pair of large antennae on your head. (SInv)


Message History

The gnoll is almost dead.
The gnoll closely misses you.
The gnoll hits you from afar with a cursed -2 spear.
You hit the gnoll. You freeze the gnoll.
You kill the gnoll!
The gnoll barely misses you.
Casting: Poisonous Vapours (safe; 11% risk of failure)
Confirm with . or Enter, or press ? or * to list all spells.
Aiming: Sting (safe; 4% risk of failure)
Press: ? - help, Shift-Dir - straight line, f/p - gnoll
Aim: a gnoll, wielding a -2 spear (moderately wounded, poisoned)
The sting hits the gnoll.
The gnoll is heavily wounded.
The gnoll closely misses you.
The gnoll hits you from afar with a +0 spear.
The gnoll hits you from afar with a cursed -2 spear!
* * * LOW HITPOINT WARNING * * *
The gnoll looks more healthy.
The gnoll closely misses you.
The gnoll hits you from afar with a cursed -2 spear!
You die...

###.. .....#
...... # ......
.#### #....
.....
#..).###..###.
#...#.........
#...#.รท.......
#.(..(@..)....
#...#)######..
#...gg# #...#.#
#...#.. ### ...
..## .## ..


You could see 2 gnolls.

Vanquished Creatures
  A gnoll (D:3)
  An adder (D:3)
  2 oozes (D:2)
  2 dart slugs
  2 leopard geckos
  An orc (D:3)
  2 giant cockroaches
  4 goblins
  3 hobgoblins (D:1)
  4 jackals (D:2)
  7 kobolds
  2 ball pythons
  2 bats
  3 frilled lizards
  6 rats
42 creatures vanquished.

Notes
Turn   | Place    | Note
-------+----------+-------------------------------------------
     0 | D:1      | Arum the Formicid Venom Mage began the quest for the Orb.
     0 | D:1      | Reached XP level 1. HP: 13/13 MP: 3/3
    11 | D:1      | Reached skill level 1 in Conjurations
   297 | D:1      | Reached XP level 2. HP: 19/19 MP: 3/5
   331 | D:1      | Learned a level 2 spell: Poisonous Vapours
  1041 | D:1      | Reached XP level 3. HP: 24/24 MP: 3/6
  1519 | D:2      | Found a bloodstained altar of Trog.
  1869 | D:2      | Learned a level 3 spell: Mephitic Cloud
  1951 | D:2      | Reached XP level 4. HP: 30/30 MP: 5/8
  2401 | D:3      | Reached skill level 5 in Poison Magic
  2485 | D:3      | Slain by a gnoll

Levels and vault maps discovered:
D:1:      onia_arrival_pyramid, layout_basic
D:2:      layout_rooms, lightli_temple_of_fire, chequers_big_river
D:3:      layout_rooms, marbit_many_paths, old_standard_altar,
          grunt_gozag_breadcrumbs, lexackson_kobold_supper, uniq_terence,
          uniq_crazy_yiuf_cottage

Skill      XL: |  1  2  3  4 |
---------------+-------------+-----
Conjurations   | 1 2 |  2.1
Spellcasting   | 3 |  3.1
Poison Magic   | 5 |  5.0
Dodging        | |  1.7
Stealth        | |  2.4

Action                   |  1- 3 |  4- 6 || total
-------------------------+-------+-------++-------
Melee: Unarmed           |    12 |       ||    12
       Dagger            |    14 |     6 ||    20
 Cast: Sting             |    71 |    19 ||    90
       Poisonous Vapours |     1 |     3 ||     4
 Abil: Dig               |     2 |       ||     2
  Eat: Chunk             |     4 |     2 ||     6
Armor: Robe              |     5 |     1 ||     6
Dodge: Dodged            |    29 |    10 ||    39
